Cogmind - Beta 12 X4 @@@ ROGUE MODE // 2022.12.11 @ 16:06:46 Player: LU-1G1 Result: Destroyed by G-34 Mercenary with Small Laser Performance ------------- Evolutions (1) 500 Regions Visited (4) 800 Robots Destroyed (48) 240 Value Destroyed (907) 907 Prototype IDs (0) 0 Alien Tech Used (0) 0 Bonus (-3) -3 TOTAL SCORE: 2444 Bonus ------- Friendly Fire -3 Cogmind --------- Core Integrity 0/400 Matter 278/300 Energy 86/100 System Corruption 0% Temperature Cool (6) Movement Rolling (115) Ox1 Location -9/Mines Parts ------- > --- POWER (1) -------- (None) > --- PROPULSION (3) --- Compact Wheel Compact Wheel > --- UTILITY (3) ------ Heat Sink High-capacity Storage Unit > --- WEAPON (2) ------- Particle Gun Heavy Assault Rifle > --- INVENTORY (20) --- Huge Storage Unit High-capacity Matter Pod (200) Structural Scanner Improved Signal Interpreter Seismic Detector Particle Gun Particle Gun Grenade Launcher Mini Grenade Launcher Mini Grenade Launcher Peak State ------------ > --- POWER ------------ Improved Ion Engine > --- PROPULSION ------- Light Treads Light Treads Light Treads > --- UTILITY ---------- High-capacity Storage Unit Light Armor Plating Hardlight Generator > --- WEAPON ----------- Particle Gun Light Assault Rifle > --- INVENTORY -------- Ion Engine Light Ion Engine Armored Wheel Heat Sink Huge Storage Unit High-capacity Matter Pod Structural Scanner Improved Signal Interpreter Seismic Detector Light Armor Plating Particle Gun Particle Gun Particle Gun Light Assault Rifle Grenade Launcher Mini Grenade Launcher Mini Grenade Launcher [Rating: 15] Favorites ----------- Power Ion Engine Engine Ion Engine Propulsion Light Treads Treads Light Treads Wheel Compact Wheel Utility High-capacity Storage Unit Device Structural Scanner Storage High-capacity Storage Unit Protection Light Armor Plating Weapon Light Assault Rifle Energy Gun Particle Gun Ballistic Gun Light Assault Rifle Launcher Mini Grenade Launcher Build | -11 -10 -10 -9 -9 ------- Run | Scr Mat Min Mat Min Slots Evolved 2 | . . . 2 . Power . | . . . . . Propulsion 1 | . . . 1 . Utility 1 | . . . 1 . Weapon . | . . . . . Parts Attached 43 | 6 9 8 6 14 Power 6 | 1 1 . 2 2 Engine 6 | 1 1 . 2 2 Core . | . . . . . Reactor . | . . . . . Propulsion 11 | 2 . 3 1 5 Treads 8 | 2 . 3 1 2 Leg . | . . . . . Wheel 3 | . . . . 3 Hover . | . . . . . Flight . | . . . . . Utility 10 | 1 5 1 1 2 Device 3 | . 1 . 1 1 Storage 3 | 1 2 . . . Processor . | . . . . . Hackware . | . . . . . Protection 4 | . 2 1 . 1 Artifact . | . . . . . Weapon 16 | 2 3 4 2 5 Energy Gun 3 | . . 1 . 2 Energy Cannon . | . . . . . Ballistic Gun 9 | 2 1 2 1 3 Ballistic Cannon . | . . . . . Launcher 4 | . 2 1 1 . Special Weapon . | . . . . . Impact Weapon . | . . . . . Slashing Weapon . | . . . . . Piercing Weapon . | . . . . . Special Melee Weapon . | . . . . . Unidentified Prototypes . | . . . . . Parts Lost 23 | . 2 6 . 15 Power 3 | . . . . 3 Propulsion 9 | . . 3 . 6 Utility 6 | . 2 1 . 3 Weapon 5 | . . 2 . 3 Highest Loss Streak 9 | . 1 5 . 9 To Critical Strikes 8 | . . . . 8 Average Slot Usage (%) 95 | . 99 99 84 71 Engine 12 | . 14 14 11 4 Treads 26 | . 28 28 27 9 Device 1 | . 2 . 1 11 Storage 13 | . 14 14 11 11 Protection 11 | . 11 13 11 3 Energy Gun 3 | . . 3 11 8 Ballistic Gun 16 | . 27 8 8 13 Launcher 6 | . . 15 2 . Naked Turns . | . . . . . Heaviest Build 59 | 10 50 52 59 59 Greatest Support 60 | 40 40 40 60 60 Greatest Overweight (x) 15 | . 1 1 1 15 Average Overweight (x) . | . . 1 . 1 Largest Inventory Capacity 20 | 8 20 20 20 20 Average Capacity 18 | 7 18 20 20 20 Most Carried 20 | 7 20 20 20 20 Average Carried 15 | 5 15 18 17 12 Final Capacity 20 | 8 20 20 20 20 Final Carried 20 | 7 19 15 20 10 Class Distribution -------------------- 98% | Mutant Dominant Class ---------------- Mutant | -10/Materials Mutant | -10/Mines Mutant | -9/Materials Mutant | -9/Mines Resources | -11 -10 -10 -9 -9 ----------- Run | Scr Mat Min Mat Min Matter Collected 978 | 308 217 115 121 217 Remotely . | . . . . . Salvage Created 1375 | 155 759 86 202 173 Parts 104 | 13 52 16 18 5 Haulers Intercepted 3 | . 2 . 1 . Recyclers Shooed 5 | . 3 . . 2 Parts Field Recycled . | . . . . . Retrieved Matter . | . . . . . Parts Self-Destructed . | . . . . . Prevented . | . . . . . Kills | -11 -10 -10 -9 -9 ------- Run | Scr Mat Min Mat Min Combat Hostiles Destroyed 31 | . 15 7 6 3 Guns 20 | . 14 . 3 3 AOE 10 | . 1 6 3 . Classes Destroyed 10 | 3 5 . 1 1 Worker 3 | 1 . 2 . . Builder 2 | . 1 . 1 . Tunneler 3 | 3 . . . . Hauler 3 | . 2 . 1 . Recycler 5 | 1 3 . . 1 Operator 1 | . 1 . . . Swarmer 15 | . 6 5 3 1 Grunt 13 | . 9 2 2 . Duelist 1 | . . . . 1 Sentry 1 | . . . 1 . Best Kill Streak 4 | 2 3 4 4 2 Combat Bots Only 3 | . 3 3 3 1 Max Kills in Single Turn 3 | 1 2 3 2 1 Gunslinging . | . . . . . Exploded 2 | . 1 2 2 . Melee . | . . . . . Uniques/NPCs Destroyed 1 | . . . . 1 8R-AWN (-9/Mines) Combat | -11 -10 -10 -9 -9 -------- Run | Scr Mat Min Mat Min Damage Taken 2869 | . 622 361 191 1695 Core 496 | . 75 16 33 372 Absorbed by Shields 28 | . . . 4 24 Core Remaining (%) 81 | 100 . 63 . . Volleys Fired 180 | 24 73 12 13 58 Largest 2 | 2 2 2 2 2 Hottest 88 | 40 40 85 85 88 Shots Fired 352 | 48 144 21 23 116 Gun 338 | 48 142 12 20 116 Cannon . | . . . . . Launcher 14 | . 2 9 3 . Special . | . . . . . Kinetic 295 | 48 142 11 10 84 Thermal 43 | . . 1 10 32 Explosive 14 | . 2 9 3 . Electromagnetic . | . . . . . Robot Hit Streak 17 | 12 13 5 10 17 Robot Miss Streak 7 | 3 3 2 1 7 Penetration Max . | . . . . . Secondary Targets 2 | . 1 . . 1 Max Gunslinging Chain 1 | . 1 . . 1 Shots Hit Robots 241 | 33 95 11 16 86 Core Hits 108 | 13 41 17 11 26 Critical Kills . | . . . . . Critical Parts Destroyed 1 | . 1 . . . Critical Strikes 5 | . 1 . 2 2 Burn 4 | . . . 2 2 Destroy 1 | . 1 . . . Melee Attacks . | . . . . . Impact . | . . . . . Slashing . | . . . . . Piercing . | . . . . . Sneak Attacks . | . . . . . Combat Hostiles . | . . . . . Follow-up Attacks . | . . . . . Damage Inflicted 3358 | 275 898 732 456 997 Guns 2340 | 272 781 83 207 997 Cannons . | . . . . . Explosions 913 | . 64 600 249 . Melee . | . . . . . Ramming 105 | 3 53 49 . . Kinetic 1969 | 272 781 69 54 793 Thermal 371 | . . 14 153 204 Explosive 913 | . 64 600 249 . Electromagnetic . | . . . . . Impact . | . . . . . Slashing . | . . . . . Piercing . | . . . . . Highest Corruption . | . . . . . Average Corruption . | . . . . . Corruption Purged . | . . . . . Corruption Blocked . | . . . . . Overload Shots . | . . . . . Overflow Damage 69 | . . 49 20 . Projectiles . | . . . . . Explosions 69 | . . 49 20 . Melee . | . . . . . Knockbacks 2 | . 2 . . . Impact 2 | . 2 . . . Kinetic . | . . . . . Secondary . | . . . . . Self-Inflicted Damage 140 | . . 140 . . Shots 4 | . . 4 . . Rammed 20 | 1 9 9 1 . Targets Rammed 21 | 1 10 9 1 . Kicked . | . . . . . Crushed 1 | . 1 . . . Highest Temperature 284 | . 35 50 190 284 Average Temperature 45 | . 8 10 77 113 Received Heat Transfer 399 | . 258 93 36 12 Siege Activations . | . . . . . Robots Corrupted . | . . . . . Combat Hostiles . | . . . . . Parts Fried . | . . . . . Impact Corruptions . | . . . . . Robots Melted 1 | . . 1 . . Combat Hostiles 1 | . . 1 . . Parts Melted 2 | . . 1 1 . Heat Transferred 947 | . . 37 518 392 Parts Sabotaged . | . . . . . Parts Stolen . | . . . . . Parts Stripped . | . . . . . Power Chain Reactions . | . . . . . Missiles Intercepted . | . . . . . Alert | -11 -10 -10 -9 -9 ------- Run | Scr Mat Min Mat Min Peak Influence 318 | 25 189 318 289 97 Initial 79 | . 16 40 79 52 Average 93 | 8 86 106 161 22 Maximum Alert Level 1 | . . 1 1 . Low Security (%) 80 | 100 100 62 55 100 Level 1 19 | . . 37 44 . Level 2 . | . . . . . Level 3 . | . . . . . Level 4 . | . . . . . Level 5 . | . . . . . High Security . | . . . . . Max Security . | . . . . . Squads Dispatched 9 | . 5 1 3 . Investigation 5 | . 3 1 1 . Extermination . | . . . . . Reinforcement 4 | . 2 . 2 . Assault . | . . . . . Garrison . | . . . . . Intercept . | . . . . . Searches Triggered . | . . . . . Construction Impeded . | . . . . . Haulers Reinforced . | . . . . . Active Scanning Responses . | . . . . . Cargo Convoy Interrupts . | . . . . . Stealth | -11 -10 -10 -9 -9 --------- Run | Scr Mat Min Mat Min Distress Signals 5 | . . . 5 . Communications Jammed . | . . . . . Distress Signals . | . . . . . Times Spotted 57 | . 27 7 14 9 Peak Tracking Total 4 | . 4 3 4 3 Tactical Retreats 4 | . 1 . . 3 Traps | -11 -10 -10 -9 -9 ------- Run | Scr Mat Min Mat Min Traps Triggered 4 | . 3 . 1 . Indirectly . | . . . . . Trap Hack Attempts . | . . . . . Triggered . | . . . . . Disarmed . | . . . . . Reprogrammed . | . . . . . Reused . | . . . . . Traps Extracted . | . . . . . Installed . | . . . . . Triggered . | . . . . . Machines | -11 -10 -10 -9 -9 ---------- Run | Scr Mat Min Mat Min Machines Disabled 11 | . 2 8 1 . Max in Single Turn 8 | . 2 8 1 . Machines Sabotaged . | . . . . . Overloaded Fab Kills . | . . . . . Hacking | -11 -10 -10 -9 -9 --------- Run | Scr Mat Min Mat Min Machines Accessed 6 | . 3 1 2 . Terminals 5 | . 3 . 2 . Fabricators . | . . . . . Repair Stations . | . . . . . Recycling Units . | . . . . . Scanalyzers . | . . . . . Garrison Access . | . . . . . Total Hacks 14 | . 7 1 6 . Successful 2 | . 1 1 . . Failed 12 | . 6 . 6 . Catastrophic 3 | . 2 . 1 . Database Lockouts . | . . . . . Manual 10 | . 6 . 4 . Terminals 13 | . 7 . 6 . Fabricators . | . . . . . Repair Stations . | . . . . . Recycling Units . | . . . . . Scanalyzers . | . . . . . Garrison Access . | . . . . . Terminal Hacks 2 | . 1 1 . . Robot Analysis 1 | . 1 . . . Open Door 1 | . . 1 . . Fabricator Hacks . | . . . . . Repair Station Hacks . | . . . . . Recycling Unit Hacks . | . . . . . Scanalyzer . | . . . . . Garrison Access Hacks . | . . . . . Unauthorized Hacks . | . . . . . Terminals . | . . . . . Fabricators . | . . . . . Repair Stations . | . . . . . Recycling Units . | . . . . . Scanalyzers . | . . . . . Garrison Access . | . . . . . Data Cores Recovered . | . . . . . Used . | . . . . . Hacking Detections 5 | . 3 . 2 . Full Trace Events 1 | . 1 . . . Feedback Events . | . . . . . Feedback Blocked . | . . . . . Robot Schematics Acquired . | . . . . . Robots Built . | . . . . . Authchips . | . . . . . Time . | . . . . . Total Robot Build Rating . | . . . . . Part Schematics Acquired . | . . . . . Parts Built . | . . . . . Authchips . | . . . . . Time . | . . . . . Total Part Build Rating . | . . . . . Parts Repaired . | . . . . . Time . | . . . . . Parts Recycled . | . . . . . Recycled Matter . | . . . . . Retrieved Matter . | . . . . . Retrieved Components . | . . . . . Parts Scanalyzed . | . . . . . Part Schematics Acquired . | . . . . . Parts Damaged . | . . . . . Bothacking | -11 -10 -10 -9 -9 ------------ Run | Scr Mat Min Mat Min Used RIF Installer . | . . . . . Robots Hacked . | . . . . . Non-combat . | . . . . . Combat . | . . . . . Robot Hacks Applied . | . . . . . Relay Couplers Released . | . . . . . Fabnet Peak Effective % . | . . . . . Robots Rewired . | . . . . . Allies Hacked . | . . . . . Hacks Repelled . | . . . . . Allies | -11 -10 -10 -9 -9 -------- Run | Scr Mat Min Mat Min Total Allies . | . . . . . Largest Group . | . . . . . Highest-Rated Group . | . . . . . Highest-Rated Ally . | . . . . . Total Orders . | . . . . . Ally Attacks . | . . . . . Total Damage . | . . . . . Kills . | . . . . . Allies Corrupted . | . . . . . Allies Melted . | . . . . . Intel | -11 -10 -10 -9 -9 ------- Run | Scr Mat Min Mat Min Robot Analysis Total 1 | . 1 . . . Derelict Logs Recovered 1 | . . 1 . . Drone Launches . | . . . . . Drone Recoveries . | . . . . . Exploration | -11 -10 -10 -9 -9 ------------- Run | Scr Mat Min Mat Min Turns Passed 4224 | 249 1621 1590 468 296 Spaces Moved 1598 | 111 577 632 214 64 Core 10 | 7 . . . 3 Treads 1533 | 104 577 632 214 6 Legs . | . . . . . Wheels 55 | . . . . 55 Hover . | . . . . . Flight . | . . . . . Fastest Speed 50 | 50 160 240 160 115 Average Speed 219 | 153 227 240 192 152 Slowest Speed 800 | 160 240 240 240 800 Overloaded Moves . | . . . . . Propulsion Burnouts . | . . . . . Robots Hopped . | . . . . . Cave-ins Triggered . | . . . . . Exploration Rate (%) 48 | 7 90 99 26 20 Regions Visited 4 Branch Regions 2 Pre-discovered Areas 1 | . . 1 . . Known Exits Taken . | . . . . . Unknown Exits Taken 4 | 1 1 1 1 . Scrap Searched 1 | . . 1 . . Spaces Dug 14 | . . 10 4 . Terrain Destroyed 124 | . 20 90 14 . Melee . | . . . . . Projectile . | . . . . . AOE 124 | . 20 90 14 . Terrain Rammed . | . . . . . Walls Destroyed . | . . . . . Machines Disabled . | . . . . . Actions | -11 -10 -10 -9 -9 --------- Run | Scr Mat Min Mat Min Total 1977 | 149 756 674 245 153 Wait 89 | . 60 6 6 17 Move 1594 | 110 576 631 213 64 Hop . | . . . . . Pick Up 39 | 8 20 5 6 . Fast Attach 8 | 5 . . . 3 Attach 22 | 1 3 6 2 10 Detach . | . . . . . Swap 13 | . 6 2 4 1 Drop 11 | . 8 3 . . Fire 180 | 24 73 12 13 58 Melee . | . . . . . Ram . | . . . . . Kick . | . . . . . Crush 21 | 1 10 9 1 . Escape Stasis . | . . . . . Rewire . | . . . . . Trap . | . . . . . Miscellaneous . | . . . . . Route ------- -11/Scrapyard -10/Materials (discovered 4 exits: *Mat x2 / *Min x2) -10/Mines (discovered 2 exits: *Mat x2) -9/Materials -9/Mines (discovered 1 exit: [*Mat]) History --------- Turn | Location | Event 7 | -11/Scrapyard | Discovered new exit (range 15) 250 | -11/Scrapyard | Entered Materials 268 | -10/Materials | Discovered new exit (range 16) 303 | -10/Materials | Build established: Mutant 429 | -10/Materials | Discovered new exit (range 11) 1485 | -10/Materials | Discovered new exit (range 13) 1555 | -10/Materials | Discovered new exit (range 14) 1871 | -10/Materials | Entered Mines 2235 | -10/Mines | Met a Derelict shopkeep closing up shop 2619 | -10/Mines | Discovered new exit (range 10) 2981 | -10/Mines | Discovered new exit (range 13) 3101 | -10/Mines | Lost 5 parts (2n1u2w) 3461 | -10/Mines | Entered Materials 3461 | -9/Materials | Evolved 2 slots: Propulsion x1, Utility x1 3598 | -9/Materials | Met 8R-AWN 3865 | -9/Materials | Discovered new exit (range 11) 3929 | -9/Materials | Entered Mines 3930 | -9/Mines | Assembled infested the area 3932 | -9/Mines | Followed 8R-AWN into the Mines 3953 | -9/Mines | Attacked by 8R-AWN 4002 | -9/Mines | Core integrity fell below 50% 4010 | -9/Mines | Lost 6 parts (2p3n1u) 4070 | -9/Mines | Core integrity fell below 20% 4108 | -9/Mines | Destroyed 8R-AWN 4128 | -9/Mines | Lost 9 parts (1p3n2u3w) 4174 | -9/Mines | Discovered new exit (range 5) 4225 | -9/Mines | Destroyed by G-34 Mercenary with Small Laser Last Messages --------------- 04106_ Penetrated by HV Slug. 04106_ HV Slug penetrates Wall. 04106_ Penetrated by HV Slug. 04106_ U-05 Engineer builds a Wall. 04108_ 8R-AWN destroyed. 04111_ R-06 Scavenger collects Sml. Storage Unit. 04117_ R-06 Scavenger destroyed. 04123_ U-05 Engineer builds a Wall. 04127_ U-05 Engineer lays Concrete. 04128_ U-05 Engineer builds a Wall. 04144_ Acquired Com. Wheel. 04146_ Acquired 77 matter. 04148_ Acquired 96 matter. 04151_ Acquired Com. Wheel. 04163_ Acquired 44 matter. 04174_ EXIT=FOUND 04218_ Hvy. Assault Rifle severed. 04218_ Acquired Hvy. Assault Rifle. 04223_ L-31 Rogue destroyed. 04223_ Switching to secondary target: G-34 Mercenary. Map ----- +----------------------------------------------------+ | ?????????????????????????# #??????? | | ?????????????????????????# #??????? | | ?????????????????????????# #??????? | | ????????????????????????## #??????? | | ???????????????????????## ##?????? | | ????????##?????????????# #?????? | | ????????? #???????????## #?????? | | ?????????? #????####### ##????? | | ??????????? #???# #????? | | ???????????# #??# ###### #????? | | ???????????##"### #????## #????? | | ??????????## ## ###???## " #????? | | ??????????# ##???##%" ##???? | | ??????????# < #????#" #???? | | ??????????# %% ###### #???? | | ??????????# !*###! #???? | | ??????????### ##### ! # ##???? | | ????????????## #####=# ! ##????? | | ?????????????# ### # !# #####??? | | ?????????????# ## ### ### # "# | | ?????????????# ## !# ### | | ?????????????# ## | | ??????????#### ## ## ####### | | ??????????# ## # ####????? | | ??????????# ##### # ??? | | ??????????#@#??# # " # | | ??????????#%#??# ## % # | | ??????????#g#??####### # ## | | ??????????# #??????????# #####? | | ??????????# #??????????? ##????? | | ?# ??????# #??????????? #?????? | | ?# ### #???????????# ?????? | | ?# #????????????# #????? | | ?# #####?????????????# #????? | | ?# ???????????????????????####????? | | ???????????????????????????????????? | | ???????????????????????????????????? | | ???????????????????????????????????? | | ???????????????????????????????????? | | ???????????????????????????????????? | | ???????????????????????????????????? | | ???????????????????????????????????? | | ???????????????????????????????????? | | ???????????????????????????????????? | | ???????????????????????????????????? | | ???????????????????????????????????? | | ???????????????????????????????????? | | ???????????????????????????????????? | | ???????????????????????????????????? | | ???????????????????????????????????? | +----------------------------------------------------+ Best States ------------- Heat Dissipation 38 Energy Generation 12 Energy Capacity 265 Matter Stores 300 Matter Capacity 300 Sight Range 16 Terrain Scan Density 10 Armor Coverage 150 Evasion (%) 40 Recoil Reduction 3 Item Schematics ----------------- None Robot Schematics ------------------ None Fabricated ------------ Nothing Alien Tech Used ----------------- None Achievements -------------- None Challenges ------------ None Game ------ Seed AssembledFrostAnalyzer Manual? 0 Play Time 00:23:46 Cumulative 562.1 hours Start 2022.12.10 @ 17:34:06 End 2022.12.11 @ 16:06:46 Sessions 1 Manual Loads 0 Difficulty Rogue Special Mode None Game No. 536 Rogue 321 Adventurer 112 Explorer 103 Win Type - Total 38 Types 25/0/8/2/0/0/2/1/0 Lore% 88 Gallery% 93 Achievement% 81 Wizard Run 0 Options --------- ASCII 0 Keyboard 1 Movement Vi Keybinds 1 Fullscreen 2 Font 36/TerminusBold Map View 76x50 Tactical HUD 1 Map Filters NONE Filters NONE Steam 1 RUN: 45d0e0fe-810e-4bc3-ade8-e350f4134285